[Event "Titled Tuesday Blitz March 08 Late 2022"]
[White "Suder, Jakub"]
[Black "Chigaev, Maksim"]
[WhiteFideId "1195310"]
[BlackFideId "4108116"]
[WhiteElo "2058"]
[BlackElo "2502"]
[Result "0-1"]
[Round "06"]
[TimeControl "180+1"]
[Date "2022.03.08"]
[WhiteClock "0:01:02"]
[BlackClock "0:00:54"]

1. d4 Nf6 2. c4 e6 3. Nc3 Bb4 4. Qb3 a5 5. g3 d5 6. Nf3 dxc4 7. Qxc4 b6 8. Bg2 Bb7 9. O-O O-O 10. Rd1 Nbd7 11. a3 Bxc3 12. Qxc3 a4 13. Bd2 Bd5 14. Rac1 Rc8 15. Qb4 Bb3 16. Re1 Nd5 17. Qb5 c5 18. e4 N5f6 19. dxc5 bxc5 20. Ba5 Qe7 21. Nd2 Rb8 22. Qe2 Ne5 23. Bc3 Nfd7 24. f4 Nc6 25. Nxb3 Rxb3 26. Red1 e5 27. fxe5 Ndxe5 28. Rd5 Nd4 29. Qf2 Nd3 30. Qf1 Nxc1 31. Bxd4 cxd4 32. Qxc1 d3 33. e5 Qa7+ 34. Kh1 Qb6 35. Be4 Rxb2 36. Bxd3 Qf2 0-1


[Site "https://www.chess.com"]

[Event "Titled Tuesday Blitz March 08 Late 2022"]
[White "Tanenbaum, Zachary"]
[Black "Milanovic, Marko"]
[WhiteFideId "2060850"]
[BlackFideId "980129"]
[WhiteElo "2168"]
[BlackElo "2159"]
[Result "1/2-1/2"]
[Round "06"]
[TimeControl "180+1"]
[Date "2022.03.08"]
[WhiteClock "0:00:19"]
[BlackClock "0:00:18"]

1. e4 e5 2. Nf3 Nc6 3. Bc4 Nf6 4. d3 Bc5 5. c3 O-O 6. Nbd2 d5 7. exd5 Nxd5 8. Ne4 Be7 9. O-O Nb6 10. Bb5 f5 11. Ng3 Bf6 12. Re1 Qd6 13. Bxc6 bxc6 14. Nh5 Re8 15. Nxf6+ Qxf6 16. Bf4 e4 17. Ng5 h6 18. Qb3+ Kh8 19. Qf7 Rf8 20. Qxf6 Rxf6 21. Nh3 exd3 22. Bxc7 Ba6 23. Be5 Rf7 24. Nf4 Rd8 25. Ne6 Re8 26. Nc7 Rxe5 27. Nxa6 Rxe1+ 28. Rxe1 d2 29. Rd1 Rd7 30. Kf1 Nc4 31. Ke2 Re7+ 32. Kf1 Rd7 33. Ke2 Re7+ 34. Kf1 Rd7 1/2-1/2


[Site "https://www.chess.com"]

[Event "Titled Tuesday Blitz March 08 Late 2022"]
[White "Todorovic, Bojan"]
[Black "Sztokbant, Bernardo Vainzoff"]
[WhiteFideId "917087"]
[BlackFideId "2115956"]
[WhiteElo "2266"]
[BlackElo "2237"]
[Result "0-1"]
[Round "06"]
[TimeControl "180+1"]
[Date "2022.03.09"]
[WhiteClock "0:00:20"]
[BlackClock "0:00:01"]

1. d4 Nf6 2. c4 g6 3. Nc3 d5 4. Nf3 Bg7 5. Bg5 c6 6. Qb3 dxc4 7. Qxc4 Be6 8. Qd3 Qb6 9. O-O-O Na6 10. e4 Nb4 11. Qe3 Ng4 12. Qd2 O-O 13. a3 Na6 14. h3 Nf6 15. Ne5 Rfd8 16. Qe3 Bb3 17. Bc4 Bxc4 18. Nxc4 Qc7 19. Kb1 b5 20. Ne5 c5 21. Bf4 cxd4 22. Rxd4 Qb7 23. Rhd1 Rxd4 24. Qxd4 Nc7 25. f3 Ne6 26. Qe3 Nxf4 27. Qxf4 b4 28. axb4 Qxb4 29. Nc6 Qc5 30. Qc7 Re8 31. Nd5 Nxd5 32. Rxd5 Qg1+ 33. Ka2 Qxg2 34. Nxe7+ Kh8 35. Rd8 Qxb2# 0-1


[Site "https://www.chess.com"]

[Event "Titled Tuesday Blitz March 08 Late 2022"]
[White "Toncheva, Nadya"]
[Black "Stoleriu, George"]
[WhiteFideId "2924056"]
[BlackFideId "1227505"]
[WhiteElo "1884"]
[BlackElo "2203"]
[Result "0-1"]
[Round "06"]
[TimeControl "180+1"]
[Date "2022.03.09"]
[WhiteClock "0:00:02"]
[BlackClock "0:00:10"]

1. e4 e6 2. d4 d5 3. Nd2 Be7 4. Bd3 c5 5. exd5 Qxd5 6. Ngf3 cxd4 7. Nb3 Nc6 8. O-O Nf6 9. Nbxd4 Nxd4 10. Nxd4 O-O 11. Re1 b6 12. Be2 Bb7 13. Bf3 Qd7 14. c3 Rfd8 15. Qc2 Rac8 16. Be3 Nd5 17. Qe2 Nxe3 18. Qxe3 Bc5 19. Rad1 Bxf3 20. Qxf3 Qa4 21. Qb7 h6 22. Rd3 Rb8 23. Qc7 Bd6 24. Qc6 Qxa2 25. Nxe6 Bxh2+ 26. Kxh2 Rxd3 27. Nd4 Rd2 28. Re8+ Rxe8 29. Qxe8+ Kh7 30. Qe4+ g6 31. Qe7 Rxb2 32. Nc6 Rxf2 33. Ne5 Rxg2+ 34. Kh3 Rh2+ 35. Kg3 Qf2+ 36. Kg4 h5+ 37. Kg5 Qf5# 0-1


[Site "https://www.chess.com"]

[Event "Titled Tuesday Blitz March 08 Late 2022"]
[White "Tristan, Leonardo"]
[Black "Kopczynski, Michal"]
[WhiteFideId "113816"]
[BlackFideId "1124200"]
[WhiteElo "2404"]
[BlackElo "2235"]
[Result "1-0"]
[Round "06"]
[TimeControl "180+1"]
[Date "2022.03.08"]
[WhiteClock "0:00:29"]
[BlackClock "0:00:02"]

1. e4 c5 2. Nc3 e6 3. f4 d5 4. Nf3 d4 5. Bb5+ Bd7 6. Bxd7+ Nxd7 7. Ne2 Qc7 8. O-O O-O-O 9. d3 h6 10. b4 g5 11. fxg5 hxg5 12. Bxg5 f6 13. Bf4 e5 14. Bd2 c4 15. dxc4 Qxc4 16. c3 d3 17. Ng3 Bh6 18. Qb3 Qc6 19. Nf5 Kb8 20. Rae1 Bxd2 21. Nxd2 Nh6 22. c4 Ng4 23. h3 Qb6+ 24. c5 Nxc5 25. bxc5 Qxc5+ 26. Kh1 Nf2+ 27. Kh2 Rdg8 28. Ne3 Ng4+ 29. Nxg4 Rxg4 30. Rxf6 Rgh4 31. Rf7 Qc8 32. Re3 1-0


[Site "https://www.chess.com"]

[Event "Titled Tuesday Blitz March 08 Late 2022"]
[White "Urquhart, Ed"]
[Black "Hartikainen, Jarmo"]
[WhiteFideId "2603748"]
[BlackFideId "503134"]
[WhiteElo "2184"]
[BlackElo "2107"]
[Result "1-0"]
[Round "06"]
[TimeControl "180+1"]
[Date "2022.03.09"]
[WhiteClock "0:01:06"]
[BlackClock "0:00:10"]

1. e4 c5 2. Nc3 Nc6 3. f4 e6 4. Nf3 d5 5. Bb5 Be7 6. Qe2 h5 7. exd5 exd5 8. O-O h4 9. d3 h3 10. g3 Bg4 11. Qf2 Bxf3 12. Qxf3 Nf6 13. Re1 Qd7 14. Nd1 O-O-O 15. Nf2 Rde8 16. Bd2 Kb8 17. Bxc6 Qxc6 18. Re2 Bd6 19. Rae1 Rxe2 20. Rxe2 Re8 21. Nxh3 Rxe2 22. Qxe2 Qb6 23. b3 c4+ 24. Be3 d4 25. Bf2 c3 26. Ng5 Nd5 27. Qe8+ Kc7 28. Nxf7 Bc5 29. Qd8+ Kc6 30. Ne5+ Kb5 31. Qxd5 1-0


[Site "https://www.chess.com"]

[Event "Titled Tuesday Blitz March 08 Late 2022"]
[White "Vakhlamov, Igor L."]
[Black "Rosen, Eric"]
[WhiteFideId "24126748"]
[BlackFideId "2032562"]
[WhiteElo "2401"]
[BlackElo "2362"]
[Result "1-0"]
[Round "06"]
[TimeControl "180+1"]
[Date "2022.03.08"]
[WhiteClock "0:01:09"]
[BlackClock "0:00:28"]

1. e4 e5 2. Nf3 Nf6 3. Nc3 Bc5 4. Nxe5 Nc6 5. Nf3 O-O 6. d4 Bb4 7. Bd3 Re8 8. e5 d6 9. O-O dxe5 10. dxe5 Nd7 11. Ng5 h6 12. Nxf7 Kxf7 13. Bc4+ Kf8 14. Qd5 Ndxe5 15. Qg8+ Ke7 16. Qxg7+ Kd6 17. Ne4# 1-0


[Site "https://www.chess.com"]

[Event "Titled Tuesday Blitz March 08 Late 2022"]
[White "Van Foreest, Jorden"]
[Black "Dubov, Daniil"]
[WhiteFideId "1039784"]
[BlackFideId "24126055"]
[WhiteElo "2609"]
[BlackElo "2791"]
[Result "1/2-1/2"]
[Round "06"]
[TimeControl "180+1"]
[Date "2022.03.08"]
[WhiteClock "0:00:04"]
[BlackClock "0:00:07"]

1. Nf3 Nf6 2. b3 g6 3. Bb2 Bg7 4. g3 b6 5. Bg2 Bb7 6. O-O O-O 7. c4 c5 8. d4 d5 9. dxc5 dxc4 10. cxb6 axb6 11. bxc4 Qxd1 12. Rxd1 Nbd7 13. Nbd2 Rfc8 14. Ne1 Bxg2 15. Kxg2 Nc5 16. Nd3 Nfd7 17. Bxg7 Kxg7 18. Rdb1 Ra4 19. Rb4 Rca8 20. Rxa4 Rxa4 21. Kf1 Ra3 22. Nb4 e6 23. Nc2 Rc3 24. Ne3 Ra3 25. Ke1 Ne5 26. Kd1 Nc6 27. Nc2 Ra4 28. a3 Ne5 29. Rb1 Ned7 30. Rb4 Ra7 31. Nb1 Kf6 32. Nc3 Ke7 33. Nb5 Ra8 34. Ncd4 Ne5 35. h3 h5 36. f3 g5 37. Kd2 g4 38. hxg4 hxg4 39. Ke3 Rg8 40. f4 Ned7 41. Nc6+ Kf6 42. Nc3 Rh8 43. Ne5 Nxe5 44. fxe5+ Kxe5 45. Rxb6 Rh3 46. Kf2 Kd4 47. Nb5+ Kxc4 48. Nd6+ Kd5 49. Kg2 f5 50. Nb5 Ne4 51. Nc7+ Kd4 52. Nxe6+ Ke5 53. Nf8 Rxg3+ 54. Kf1 Rxa3 55. Ng6+ Kd4 56. Ne7 f4 57. Rb4+ Ke5 58. Ng6+ Kf5 59. Ne7+ Ke5 60. Nc6+ Kd5 61. Ne7+ Ke5 1/2-1/2


[Site "https://www.chess.com"]

[Event "Titled Tuesday Blitz March 08 Late 2022"]
[White "Vifleemskaia, Svetlana"]
[Black "Golubev, Mikhail"]
[WhiteFideId "4129490"]
[BlackFideId "14100983"]
[WhiteElo "1901"]
[BlackElo "2374"]
[Result "0-1"]
[Round "06"]
[TimeControl "180+1"]
[Date "2022.03.09"]
[WhiteClock "0:00:03"]
[BlackClock "0:00:05"]

1. d4 d6 2. c4 g6 3. e4 Bg7 4. Nc3 Nc6 5. Be3 Nf6 6. d5 Ne5 7. h3 O-O 8. Nf3 Nxf3+ 9. Qxf3 e6 10. Bd3 exd5 11. exd5 Nd7 12. O-O Ne5 13. Qd1 Nxd3 14. Qxd3 Bf5 15. Qd2 Qd7 16. Bd4 Bxd4 17. Qxd4 h5 18. f3 Qe7 19. h4 Rfe8 20. Kf2 Qe5 21. Qxe5 Rxe5 22. Rfe1 Rae8 23. Rxe5 Rxe5 24. Re1 Rxe1 25. Kxe1 Bd3 26. b3 c6 27. Kd2 Bf5 28. Ke3 Kf8 29. Kf4 f6 30. g4 Bd7 31. g5 Ke7 32. Ne4 fxg5+ 33. Kxg5 Bf5 34. Nd2 cxd5 35. cxd5 b6 36. a3 Kf7 37. b4 Ke7 38. Nc4 Bc2 39. Ne3 Bb1 40. Nc4 Bd3 41. Ne3 a5 42. bxa5 bxa5 43. Ng2 Kf7 44. Nf4 Bf5 45. Ne2 Bc2 46. Nf4 Bb3 47. Kh6 Bc4 48. Nxg6 Bxd5 49. Nf4 Bxf3 50. Nxh5 d5 51. Kg5 d4 52. Nf4 d3 53. h5 d2 54. h6 d1=Q 55. h7 Qd8+ 0-1


[Site "https://www.chess.com"]

[Event "Titled Tuesday Blitz March 08 Late 2022"]
[White "Vine, Elzbieta"]
[Black "Sanchez, Robert"]
[WhiteFideId "1119320"]
[BlackFideId "2034360"]
[WhiteElo "1821"]
[BlackElo "2276"]
[Result "0-1"]
[Round "06"]
[TimeControl "180+1"]
[Date "2022.03.09"]
[WhiteClock "0:00:04"]
[BlackClock "0:01:45"]

1. e4 e6 2. d4 d5 3. exd5 exd5 4. Bd3 Nf6 5. h3 c5 6. c3 Nc6 7. Nf3 Be7 8. O-O O-O 9. Bg5 cxd4 10. cxd4 h6 11. Be3 Be6 12. Nc3 Qb6 13. Qc1 Rfc8 14. Bxh6 gxh6 15. Qxh6 Qd8 16. Ng5 Bd6 17. Bh7+ Nxh7 18. Qxh7+ Kf8 19. Qh8+ Ke7 20. Qh4 Kd7 21. f4 Nxd4 22. f5 Nxf5 23. Rxf5 Bxf5 24. Nxd5 Be6 25. Qa4+ Rc6 26. Nxe6 fxe6 27. Nb4 Bxb4 28. Qxb4 Qb6+ 0-1


[Site "https://www.chess.com"]

[Event "Titled Tuesday Blitz March 08 Late 2022"]
[White "Warakomska, Anna"]
[Black "Ardila, Oscar Humberto"]
[WhiteFideId "1130790"]
[BlackFideId "4404742"]
[WhiteElo "2062"]
[BlackElo "1966"]
[Result "0-1"]
[Round "06"]
[TimeControl "180+1"]
[Date "2022.03.09"]
[WhiteClock "0:00:07"]
[BlackClock "0:00:39"]

1. e4 e5 2. Nf3 Nc6 3. Bb5 a6 4. Ba4 Nf6 5. O-O b5 6. Bb3 Be7 7. Re1 d6 8. c3 Bg4 9. h3 Bh5 10. d3 O-O 11. Nbd2 Na5 12. Bc2 c5 13. Nf1 Qc7 14. Ng3 Bg6 15. Nh4 c4 16. Nhf5 cxd3 17. Qxd3 Nc4 18. b3 Nb6 19. Ba3 Rfd8 20. Rad1 Bf8 21. Qf3 Rac8 22. Re3 d5 23. Bxf8 Rxf8 24. exd5 e4 25. Nxe4 Nbxd5 26. Red3 Nxe4 27. Qxe4 Nxc3 28. Ne7+ Kh8 29. Nxg6+ fxg6 30. Qh4 Nxd1 31. Bxd1 Rcd8 32. Rxd8 Rxd8 33. Bf3 Re8 34. g3 Qf7 35. Kg2 Rf8 36. Qe4 Qf5 37. Qxf5 Rxf5 38. Bb7 Rf6 39. f4 Kg8 40. Kf3 Kf8 41. h4 Ke7 42. Ke4 Rb6 43. Bd5 Kd6 44. Bg8 h6 45. Bf7 Kc5 46. g4 Kb4 47. h5 gxh5 48. Bxh5 Ka3 49. Bf7 Kxa2 0-1


[Site "https://www.chess.com"]

[Event "Titled Tuesday Blitz March 08 Late 2022"]
[White "Wieczorek, Oskar"]
[Black "Mkrtchyan, Mariam"]
[WhiteFideId "1133950"]
[BlackFideId "13310828"]
[WhiteElo "2644"]
[BlackElo "2472"]
[Result "1-0"]
[Round "06"]
[TimeControl "180+1"]
[Date "2022.03.09"]
[WhiteClock "0:00:06"]
[BlackClock "0:00:09"]

1. e4 c6 2. d4 d5 3. Nd2 dxe4 4. Nxe4 Nf6 5. Nxf6+ exf6 6. Be2 Bd6 7. Bf3 O-O 8. Ne2 Qc7 9. c4 Re8 10. c5 Bf8 11. O-O Be6 12. Bf4 Qc8 13. Nc3 Na6 14. a3 Qd7 15. b4 Rad8 16. d5 cxd5 17. Qd4 Nb8 18. Bxb8 Rxb8 19. Bxd5 Rbd8 20. Rad1 f5 21. Qc4 Qc8 22. Bxe6 fxe6 23. Rfe1 Kf7 24. Nb5 a6 25. Nd4 Kf6 26. Nf3 Rxd1 27. Rxd1 e5 28. Qh4+ Kg6 29. Qg5+ Kf7 30. Qh5+ Kg8 31. Ng5 h6 32. Qf7+ Kh8 33. h4 hxg5 34. hxg5 Qe6 35. Qh5+ Kg8 36. g6 Bd6 37. Qh7+ Kf8 38. Rxd6 Qe7 39. Qh8# 1-0


[Site "https://www.chess.com"]

[Event "Titled Tuesday Blitz March 08 Late 2022"]
[White "Winkels, Marcel"]
[Black "Elissalt Cardenas, Hector"]
[WhiteFideId "1003887"]
[BlackFideId "3500632"]
[WhiteElo "1900"]
[BlackElo "2159"]
[Result "0-1"]
[Round "06"]
[TimeControl "180+1"]
[Date "2022.03.09"]
[WhiteClock "0:00:03"]
[BlackClock "0:00:11"]

1. e4 d6 2. d4 Nf6 3. Nc3 e5 4. f4 exd4 5. Qxd4 c5 6. Qd1 Nc6 7. Nf3 Be7 8. Bc4 O-O 9. Qe2 Nd4 10. Nxd4 cxd4 11. Nd5 Nxd5 12. Bxd5 Qb6 13. Qf2 Be6 14. O-O Bxd5 15. exd5 Bf6 16. Rb1 Rfe8 17. Bd2 Qa6 18. Rfe1 Qxa2 19. Bb4 Qxd5 20. Kh1 a5 21. Bd2 a4 22. Qf1 b5 23. Qd3 Qc4 24. h3 h5 25. Re4 Qxd3 26. cxd3 d5 27. Ree1 g6 28. Bb4 Kg7 29. Kg1 Bh4 30. Rxe8 Rxe8 31. Kf1 Bg3 32. Rc1 Bxf4 33. Rc5 Bd6 34. Rxb5 Bxb4 35. Rxb4 Re3 36. Rxd4 h4 37. Rxd5 Re6 38. d4 Rb6 39. Ra5 Rxb2 40. Rxa4 Kf6 41. Ra5 Rd2 42. d5 Ke5 43. Ra7 Kf6 44. Ra5 Ke5 45. Ra7 f5 46. Rg7 Kf6 47. Rd7 g5 48. Ke1 Rd4 49. d6 Ke6 50. Rg7 g4 51. hxg4 fxg4 52. Rh7 Kxd6 53. Rxh4 Ke5 54. Rh5+ Kf4 55. Kf2 Rd2+ 56. Kf1 Ra2 57. Rh8 Kg3 58. Rg8 Rf2+ 59. Ke1 Rxg2 60. Kf1 Ra2 61. Rg7 Ra1+ 62. Ke2 Kh3 63. Rh7+ Kg2 64. Rg7 g3 65. Rf7 Ra8 66. Rh7 Re8+ 67. Kd2 Kg1 68. Rf7 g2 69. Rg7 Rh8 70. Re7 Kh1 71. Rh7+ Rxh7 0-1


[Site "https://www.chess.com"]

[Event "Titled Tuesday Blitz March 08 Late 2022"]
[White "Xiong, Jeffery"]
[Black "Adewumi, Tanitoluwa"]
[WhiteFideId "2047640"]
[BlackFideId "30966396"]
[WhiteElo "2727"]
[BlackElo "2564"]
[Result "1-0"]
[Round "06"]
[TimeControl "180+1"]
[Date "2022.03.08"]
[WhiteClock "0:00:18"]
[BlackClock "0:00:06"]

1. Nf3 Nf6 2. c4 e6 3. b3 b6 4. g3 Bb7 5. Bg2 Be7 6. Bb2 O-O 7. O-O a5 8. Nc3 d6 9. d4 Ne4 10. Na4 Qc8 11. d5 Bf6 12. Bxf6 Nxf6 13. Nc3 Re8 14. e4 Nbd7 15. Nd4 Nc5 16. Qc2 e5 17. Nf5 g6 18. Ne3 Ng4 19. Qe2 Nxe3 20. Qxe3 Qd8 21. f4 exf4 22. gxf4 f5 23. e5 dxe5 24. fxe5 Qh4 25. Rae1 Re7 26. Nb5 Rae8 27. e6 Qg4 28. Qg3 Qxg3 29. hxg3 Ba6 30. Nd4 Bb7 31. Re3 Kg7 32. a3 h5 33. b4 axb4 34. axb4 Na6 35. Rb1 Kf6 36. Kf2 Nb8 37. Ra3 Rc8 38. Ra7 c6 39. d6 1-0


[Site "https://www.chess.com"]

[Event "Titled Tuesday Blitz March 08 Late 2022"]
[White "Xu, Yi"]
[Black "Hnydiuk, Aleksander"]
[WhiteFideId "8605564"]
[BlackFideId "1109057"]
[WhiteElo "2471"]
[BlackElo "2374"]
[Result "1-0"]
[Round "06"]
[TimeControl "180+1"]
[Date "2022.03.08"]
[WhiteClock "0:00:55"]
[BlackClock "0:00:17"]

1. e4 Nf6 2. e5 Nd5 3. d4 d6 4. c4 Nb6 5. f4 dxe5 6. fxe5 Nc6 7. Nf3 Bg4 8. Be3 e6 9. Be2 Bxf3 10. gxf3 Qh4+ 11. Bf2 Qf4 12. c5 Nd5 13. Bb5 Be7 14. Nc3 O-O 15. Nxd5 exd5 16. O-O f6 17. Bxc6 bxc6 18. e6 Rab8 19. b3 f5 20. Bg3 Qe3+ 21. Bf2 Qf4 22. Bg3 Qe3+ 23. Kh1 Bf6 24. Bxc7 Rbc8 25. Bd6 Rfe8 26. Re1 Qxd4 27. Qxd4 Bxd4 28. Rad1 Bf6 29. b4 a5 30. b5 cxb5 31. Rxd5 g6 32. Kg2 Rc6 33. f4 b4 34. Rd3 a4 35. Kf3 b3 36. axb3 a3 37. b4 a2 38. Ra3 a1=Q 39. Raxa1 Bxa1 40. b5 Bc3 41. Re3 Rcc8 42. Rxc3 Rxe6 43. Rb3 Kf7 44. b6 Rxd6 45. cxd6 Ke6 46. b7 Rb8 47. Rb6 Kd7 48. Ke3 h6 49. h4 Ke6 50. Kd4 1-0


[Site "https://www.chess.com"]

[Event "Titled Tuesday Blitz March 08 Late 2022"]
[White "Yuan, Qingyu"]
[Black "Zhurbinsky, David"]
[WhiteFideId "8609772"]
[BlackFideId "2072904"]
[WhiteElo "2359"]
[BlackElo "2551"]
[Result "1-0"]
[Round "06"]
[TimeControl "180+1"]
[Date "2022.03.08"]
[WhiteClock "0:01:43"]
[BlackClock "0:00:52"]

1. e4 e5 2. Nf3 Nc6 3. Bb5 a6 4. Ba4 Nf6 5. O-O Be7 6. Re1 b5 7. Bb3 O-O 8. a4 Bb7 9. d3 d6 10. Nbd2 h6 11. Nf1 Re8 12. Ng3 Bf8 13. Nf5 Bc8 14. c3 Bxf5 15. exf5 d5 16. h3 Qd7 17. Nh4 e4 18. dxe4 Nxe4 19. axb5 axb5 20. Rxa8 Rxa8 21. Rxe4 Ra1 22. Re1 Be7 23. Nf3 Qxf5 24. Qxd5 1-0


[Site "https://www.chess.com"]

[Event "Titled Tuesday Blitz March 08 Late 2022"]
[White "Adewumi, Tanitoluwa"]
[Black "Kamsky, Gata"]
[WhiteFideId "30966396"]
[BlackFideId "2000024"]
[WhiteElo "2563"]
[BlackElo "2645"]
[Result "0-1"]
[Round "07"]
[TimeControl "180+1"]
[Date "2022.03.08"]
[WhiteClock "0:00:01"]
[BlackClock "0:01:03"]

1. Nf3 Nf6 2. b3 d5 3. Bb2 c5 4. e3 a6 5. d4 Nc6 6. dxc5 e6 7. c4 dxc4 8. Qxd8+ Kxd8 9. Bxc4 Bxc5 10. O-O b5 11. Be2 Bb7 12. Nc3 Ke7 13. Rad1 Rhd8 14. a4 b4 15. Nb1 Na5 16. Nbd2 Bd5 17. Rc1 Rdc8 18. Nd4 Ne4 19. Nxe4 Bxe4 20. Bd1 e5 21. Re1 f6 22. Kh1 Kf7 23. Nf3 Be7 24. Nd2 Rxc1 25. Bxc1 Bd5 26. e4 Be6 27. f4 exf4 28. e5 f5 29. Nf3 Nxb3 30. Bxb3 Bxb3 31. Nd4 Bxa4 32. Nxf5 Bd7 33. Nd4 Kg8 34. e6 Be8 35. Bxf4 a5 36. Nf5 Bf6 37. Be5 Bg6 38. Bxf6 gxf6 39. Ne7+ Kf8 40. Nc6 b3 0-1


[Site "https://www.chess.com"]

[Event "Titled Tuesday Blitz March 08 Late 2022"]
[White "Antonio, Jorge Carlos"]
[Black "Andersson, Bjorn 1971"]
[WhiteFideId "113190"]
[BlackFideId "1702114"]
[WhiteElo "2247"]
[BlackElo "2207"]
[Result "0-1"]
[Round "07"]
[TimeControl "180+1"]
[Date "2022.03.09"]
[WhiteClock "0:00:52"]
[BlackClock "0:00:45"]

1. d4 c5 2. e3 b6 3. Nf3 Bb7 4. c3 Nf6 5. Bd3 g6 6. Nbd2 Bg7 7. O-O O-O 8. b3 d5 9. Bb2 Nbd7 10. Qe2 Re8 11. Ne5 Nxe5 12. dxe5 Nd7 13. f4 e6 14. Nf3 a6 15. Bc2 b5 16. Rad1 Qb6 17. Kh1 c4 18. b4 a5 19. a3 axb4 20. axb4 Ra2 21. Bb1 Ra6 22. Nd4 Nb8 23. Rg1 Nc6 24. g4 Nxe5 25. fxe5 Bxe5 26. Rdf1 Bg7 27. Qf3 Rf8 28. g5 e5 29. Ne2 Ra7 30. Rg2 d4 31. Be4 d3 32. Ng3 f5 33. Bxb7 Rxb7 34. Qd5+ Kh8 35. h4 Rd8 36. Qc5 Qe6 37. e4 f4 38. Rgf2 Qh3+ 39. Rh2 Qxg3 40. h5 gxh5 41. Rxh5 d2 42. Rg1 d1=Q 43. g6 Qdf3+ 0-1


[Site "https://www.chess.com"]

[Event "Titled Tuesday Blitz March 08 Late 2022"]
[White "Ardila, Oscar Humberto"]
[Black "Toncheva, Nadya"]
[WhiteFideId "4404742"]
[BlackFideId "2924056"]
[WhiteElo "1966"]
[BlackElo "1884"]
[Result "0-1"]
[Round "07"]
[TimeControl "180+1"]
[Date "2022.03.09"]
[WhiteClock "0:00:15"]
[BlackClock "0:01:02"]

1. d4 Nf6 2. c4 e6 3. Nc3 c5 4. d5 exd5 5. cxd5 d6 6. e4 g6 7. h3 Bg7 8. Bd3 O-O 9. Nf3 Re8 10. O-O c4 11. Bc2 b5 12. a3 a6 13. Re1 Nbd7 14. Bf4 Qb6 15. Qd2 Bb7 16. Rad1 Re7 17. Be3 Qc7 18. Bd4 Rae8 19. Re2 Nc5 20. Rde1 Nfd7 21. Bxg7 Kxg7 22. e5 Nxe5 23. Nxe5 Rxe5 24. Rxe5 Rxe5 25. Rxe5 dxe5 26. d6 Qd7 27. f3 f5 28. Kf2 Ne6 29. Ne2 Nd8 30. f4 Qc6 31. Qc3 Qxg2+ 32. Ke1 Nc6 33. fxe5 Qh1+ 34. Kd2 Kf7 35. b3 Qd5+ 36. Kc1 Nxe5 37. Nf4 Qxd6 38. bxc4 Nxc4 39. Nd3 Qxa3+ 40. Kd1 Qxc3 0-1


[Site "https://www.chess.com"]

[Event "Titled Tuesday Blitz March 08 Late 2022"]
[White "Avazkhonov, Alikhon"]
[Black "Gerbelli Neto, Eduardo"]
[WhiteFideId "14208504"]
[BlackFideId "2103281"]
[WhiteElo "1739"]
[BlackElo "2178"]
[Result "1-0"]
[Round "07"]
[TimeControl "180+1"]
[Date "2022.03.09"]
[WhiteClock "0:00:16"]
[BlackClock "0:00:04"]

1. f4 e5 2. fxe5 d6 3. exd6 Bxd6 4. Nf3 g5 5. g3 g4 6. Nh4 Ne7 7. Nc3 Ng6 8. Nxg6 hxg6 9. Ne4 Be5 10. Bg2 f5 11. Nf2 Nc6 12. c3 Be6 13. d4 Bf6 14. d5 Ne5 15. dxe6 Qe7 16. Bxb7 Rd8 17. Qa4+ Kf8 18. O-O Qxe6 19. Bf4 g5 20. Bxe5 Qxe5 21. e4 f4 22. Nxg4 Qc5+ 23. Kg2 Rd2+ 24. Kh1 Kg7 25. e5 Rdxh2+ 26. Nxh2 fxg3 27. exf6+ Kf8 28. Qd4 Rxh2+ 29. Kg1 1-0


[Site "https://www.chess.com"]

[Event "Titled Tuesday Blitz March 08 Late 2022"]
[White "Babazada, Khazar"]
[Black "Arabidze, Meri"]
[WhiteFideId "13413554"]
[BlackFideId "13604040"]
[WhiteElo "2418"]
[BlackElo "2335"]
[Result "1/2-1/2"]
[Round "07"]
[TimeControl "180+1"]
[Date "2022.03.08"]
[WhiteClock "0:00:04"]
[BlackClock "0:00:22"]

1. Nf3 f5 2. g3 Nf6 3. Bg2 e6 4. O-O d5 5. d3 Nc6 6. Nbd2 Be7 7. e4 O-O 8. Qe2 dxe4 9. dxe4 f4 10. e5 Ng4 11. h3 Nh6 12. g4 Nf7 13. c3 Ng5 14. Nxg5 Bxg5 15. Nf3 h6 16. Rd1 Qe7 17. Qe4 Rd8 18. Bxf4 Bxf4 19. Qxf4 Bd7 20. Qe4 Be8 21. Bf1 Bf7 22. Bd3 Rd5 23. c4 Rd7 24. Qh7+ Kf8 25. Qh8+ Bg8 26. Bh7 Kf7 27. g5 Rxd1+ 28. Rxd1 hxg5 29. Bxg8+ Rxg8 30. Qh5+ Kf8 31. Nxg5 g6 32. Qg4 Nxe5 33. Qf4+ Nf7 34. Ne4 Kg7 35. h4 Rd8 36. Rxd8 Qxd8 37. h5 Qd1+ 38. Kg2 Qxh5 39. Qf6+ Kg8 40. f3 Qf5 41. Qe7 Qe5 42. Nf6+ Kg7 43. Ne8+ Kg8 44. Nf6+ Kg7 45. Ne8+ Kg8 46. Nf6+ 1/2-1/2


[Site "https://www.chess.com"]

[Event "Titled Tuesday Blitz March 08 Late 2022"]
[White "Bellahcene, Bilel"]
[Black "Pichot, Alan"]
[WhiteFideId "696358"]
[BlackFideId "110973"]
[WhiteElo "2562"]
[BlackElo "2579"]
[Result "0-1"]
[Round "07"]
[TimeControl "180+1"]
[Date "2022.03.08"]
[WhiteClock "0:00:37"]
[BlackClock "0:01:56"]

1. d4 Nf6 2. c4 e6 3. Nf3 d5 4. Nc3 dxc4 5. e3 a6 6. Bxc4 c5 7. O-O Nc6 8. d5 exd5 9. Nxd5 Be6 10. Nxf6+ Qxf6 11. Bxe6 Qxe6 12. b3 Bd6 13. Bb2 O-O 14. h3 Rfd8 15. Qe2 Be7 16. Rfd1 b5 17. Rxd8+ Rxd8 18. Rd1 Rc8 19. Qd2 h6 20. Qd5 Rd8 21. e4 Rxd5 22. exd5 Qd7 0-1


[Site "https://www.chess.com"]

[Event "Titled Tuesday Blitz March 08 Late 2022"]
[White "Bortnyk, Olexandr"]
[Black "Vakhlamov, Igor L."]
[WhiteFideId "14120828"]
[BlackFideId "24126748"]
[WhiteElo "2723"]
[BlackElo "2401"]
[Result "1-0"]
[Round "07"]
[TimeControl "180+1"]
[Date "2022.03.08"]
[WhiteClock "0:00:05"]
[BlackClock "0:00:04"]

1. e4 e6 2. d4 d5 3. Nc3 Nc6 4. Bb5 dxe4 5. f3 e3 6. Bxe3 Nf6 7. Nge2 Be7 8. Bxc6+ bxc6 9. O-O O-O 10. Bf2 a5 11. Nf4 Nd5 12. Nd3 Nxc3 13. bxc3 Ba6 14. Re1 Rb8 15. Qd2 h6 16. a4 c5 17. dxc5 Qd5 18. Re5 Qc4 19. Bd4 Rfd8 20. Re4 Qd5 21. Rg4 Bg5 22. f4 Qf5 23. h3 Bf6 24. Ne5 Bb7 25. c6 Bxe5 26. fxe5 Bxc6 27. Rf1 Qh5 28. Qf4 Rd7 29. Qg3 g6 30. Be3 Rd5 31. Qf4 Rf8 32. Bd4 Bxa4 33. Qf6 Bb5 34. Rf3 c5 35. Rfg3 g5 36. Rxg5+ hxg5 37. Rxg5+ Qxg5 38. Qxg5+ Kh7 39. Qh5+ Kg7 40. Qg5+ Kh8 41. Be3 Rd1+ 42. Kh2 Rd7 43. Qh6+ Kg8 44. Bg5 f5 45. Bf6 Kf7 46. Qh5+ Kg8 47. Qg6+ Rg7 48. Qxg7# 1-0


[Site "https://www.chess.com"]

[Event "Titled Tuesday Blitz March 08 Late 2022"]
[White "Brunner, Nicolas"]
[Black "Domingo Nunez, Alejandro"]
[WhiteFideId "620246"]
[BlackFideId "22245561"]
[WhiteElo "2372"]
[BlackElo "2215"]
[Result "0-1"]
[Round "07"]
[TimeControl "180+1"]
[Date "2022.03.09"]
[WhiteClock "0:00:07"]
[BlackClock "0:00:51"]

1. d4 g6 2. e4 Bg7 3. Nc3 c6 4. f4 d5 5. e5 f6 6. Nf3 fxe5 7. Nxe5 Nh6 8. Be2 O-O 9. O-O Nd7 10. Be3 Nf5 11. Bf2 Nd6 12. Bh4 Bh6 13. Nd3 Nf5 14. Bf2 Qc7 15. g4 Nd6 16. Bg3 Nc4 17. Rf2 Bg7 18. Ne5 Ndxe5 19. fxe5 Rxf2 20. Bxf2 Nxb2 21. Qf1 Be6 22. Rb1 Nc4 23. Bxc4 dxc4 24. Ne4 b6 25. Be3 Rf8 26. Qe2 Qd7 27. h3 Qd5 28. Ng5 Bc8 29. Bf2 Bb7 30. Rb4 c5 0-1


[Site "https://www.chess.com"]